[Event "13th Palmanova Festival A 2024"]
[Site "Palmanova"]
[Date "2024.12.29"]
[Round "3.12"]
[White "Reza, Wojciech"]
[Black "Stankovic, Milos"]
[Result "1/2-1/2"]
[ECO "B38"]
[WhiteElo "2227"]
[BlackElo "2462"]
[Annotator "TA"]
[PlyCount "83"]
[EventDate "2024.12.27"]
[EventCountry "ITA"]
[SourceTitle "playchess.com"]
[Source "ChessBase"]
[SourceQuality "1"]
[TimeControl "6000+30"]

1. Nf3 Nf6 2. c4 c5 3. Nc3 Nc6 4. d4 cxd4 5. Nxd4 g6 6. e4 Bg7 7. Be3 O-O 8. Be2 d6 9. O-O Bd7 10. Nc2 Rc8 11. f3 Nh5 12. Qd2 Qa5 {[%emt 0:08:43] [#]} 13. b4 $1 Qd8 {[%emt 0:05:06] White is better.} (13... Nxb4 $2 14. Nd5 Bxa1 15. Rxa1 $18 (15. Nxe7+ Kh8 $18)) 14. f4 f5 15. Rad1 Nf6 16. c5 (16. b5 $16 Nb8 17. e5 (17. Bxa7 fxe4 18. Nd5 Be6 $18) 17... dxe5 18. fxe5) 16... fxe4 $11 17. b5 Na5 {[%emt 0:02:36] [#]} 18. Nxe4 Nxe4 19. Qd5+ Kh8 20. Qxe4 Bf5 21. Qa4 Qc7 22. Nb4 {[%emt 0:03:36][%cal Bc2b4,Bb4d5,Bd5f6][%mdl 32] Nd5 is the strong threat.} dxc5 23. Nd5 Qd8 24. g4 {[%emt 0:03:36] Against e6} Be6 (24... Bd7 $11) 25. Qe4 $1 $36 {[%emt 0:00:09][%mdl 2048] White fights for an advantage.} Bg8 26. Nf6 Qc7 {[%emt 0:02:59] Black is weak on the light squares} (26... exf6 $14 27. Rxd8 Rfxd8) 27. Rd7 $16 {[%emt 0:00:43] White has more active pieces.} Qb6 (27... Rxf6 $16 {keeps fighting.} 28. Rxc7 (28. Qxe7 Qxd7 29. Qxd7 Rff8 $18) 28... Rxc7) 28. Nxg8 $18 Rxg8 29. Rxe7 (29. Qxe7 $2 Rce8 30. Bxc5 (30. Qf7 $2 Rxe3 31. Bf3 c4 $19) 30... Rxe7 $19) 29... a6 30. Rb1 (30. f5 $18 {[%cal Of5f6] and White stays clearly on top. aiming for f6!} gxf5 31. Qxf5 (31. Rxf5 Qg6 $16)) 30... Qf6 (30... axb5 $16 31. Bxb5 (31. Rxb5 Qd8 $16) 31... Nc6 32. Bxc6 Qxc6) 31. Rd1 (31. Bd2 $18) 31... axb5 $16 32. Bxb5 Qb2 (32... Nc6 $16 33. Bxc6 (33. Rxb7 Nd4 $16) 33... Qxc6) 33. a4 $1 $18 {[%emt 0:00:36] And now Rdd7 would win.} Nc6 {[%emt 0:00:33] [#]} 34. Rxb7 ({White should play} 34. Bxc6 $1 $16 Rxc6 35. g5) 34... Nd4 $2 (34... Rge8 $14 35. Qf3 Nd4) 35. Bc4 Qa3 36. Bxg8 {[%emt 0:00:14][%cal Ob7g7] Threatens to win with Rxg7! This pair of bishops is nice.} Qxa4 {[%emt 0:00:04] [#]} 37. Rxd4 cxd4 {[%emt 0:00:19] [#]} 38. Rxg7 $2 Qd1+ $11 {[%emt 0:00:18] The position is equal.} 39. Kf2 $1 (39. Kg2 Qxg4+ 40. Kf1 dxe3 (40... Kxg7 41. Bxd4+ Kf8 42. Kf2 $11) 41. Qxe3 Qd1+ (41... Kxg7 $2 42. Bb3 $19) (41... Rxg8 42. Rf7 $11) 42. Kg2 Qc2+ (42... Kxg7 43. Qe7+ Kxg8 44. Qe6+ Kf8 45. Qxc8+ Ke7 46. Qc5+ Ke6 47. Qe3+ Kf7 48. Kg3 $11) (42... Rxg8 43. Re7 $11) (42... Qg4+ $2 43. Kh1 $19) 43. Kh1 Qb1+ (43... Kxg7 44. Qe5+ Kxg8 45. Qe6+ Kf8 46. Qf6+ Kg8 47. Qe6+ Kf8 48. Qf6+ Kg8 49. Qe6+ $11) (43... Rxg8 44. Rxg8+ Kxg8 45. Qe8+ Kg7 46. Qe7+ Kh6 47. Qh4+ Kg7 48. Qe7+ Kg8 49. Qe8+ Kg7 50. Qe7+ $11) 44. Kg2 Qb2+ (44... Kxg7 45. Qe7+ Kxg8 46. Qe6+ Kf8 47. Qxc8+ Ke7 48. Qc7+ Ke8 49. Qc8+ Ke7 50. Qc7+ Ke6 51. Qe5+ Kd7 52. Qg7+ Ke6 53. Qe5+ Kf7 54. Qc7+ Ke8 55. Qc8+ Ke7 $11) 45. Kg3 Rc3 (45... Kxg7 46. Qe7+ Kxg8 47. Qe6+ Kg7 48. Qd7+ Kh6 49. Qh3+ Kg7 50. Qd7+ Kf8 51. Qxc8+ Kf7 52. Qd7+ Kg8 53. Qe8+ Kg7 54. Qe5+ Qxe5 55. fxe5 $11) (45... Qxg7 $2 46. Bc4 $19) 46. Rxh7+ Kxg8 $19) 39... dxe3+ (39... Kxg7 $2 {loses.} 40. Bxd4+ Kf8 41. Kg3 $18 (41. Bxh7 Qxg4 42. Bxg6 Rc2+ 43. Qxc2 Qxf4+ 44. Ke2 Qxh2+ 45. Bf2 Qe5+ 46. Qe4 Qb5+ 47. Kf3 Qb3+ 48. Kf4 Qb8+ 49. Kg4 Qc8+ 50. Kh5 Qh3+ 51. Kg5 Qd7)) 40. Kg3 $1 Qe1+ 41. Kh3 Kxg7 42. Qb7+ {[%emt 0:00:00] Weighted Error Value: White=0.32/Black=0.42.  Loses game:     	---       	Black=2      Missed win:     	White=1     	---        Mistake:       	White=4     	Black=4      Inaccurate:     	---       	Black=2      OK:         	White=12    	Black=11     Best:        	White=4     	Black=5      Strong:       	White=4     	---        Brilliant:      	White=3     	---} 1/2-1/2

[Event "13th Palmanova Festival A 2024"]
[Site "Palmanova"]
[Date "2024.12.29"]
[Round "3.13"]
[White "Marn, Jan"]
[Black "Jordan Martinez, Miguel"]
[Result "1-0"]
[ECO "D46"]
[WhiteElo "2400"]
[BlackElo "2123"]
[Annotator "TA"]
[PlyCount "49"]
[EventDate "2024.12.27"]
[EventCountry "ITA"]
[SourceTitle "playchess.com"]
[Source "ChessBase"]
[SourceQuality "1"]
[TimeControl "6000+30"]

1. d4 d5 2. c4 c6 3. Nf3 Nf6 4. e3 e6 5. Bd3 Nbd7 6. O-O Bd6 7. Nc3 dxc4 8. Bxc4 b5 9. Bd3 a6 10. e4 e5 11. h3 exd4 12. Nxd4 Ne5 13. Be2 b4 (13... O-O $1 $11) 14. Na4 $16 Nxe4 (14... c5 $16) 15. f4 $18 Ng6 16. Bf3 $1 (16. Nxc6 Qc7 17. Bf3 Bb7 18. Bxe4 Bxc6 19. Bxc6+ Qxc6 $14) 16... f5 {[%emt 0:00:25][%cal Bf7f5,Bf5e4][%mdl 32] [#]} 17. Bxe4 $1 ({Less strong is} 17. Nxc6 Qc7 $16) 17... fxe4 {[%emt 0:00:21] [#]} 18. f5 $1 Ne5 19. Qh5+ Nf7 20. Ne6 {[%emt 0:01:04] Wards off Bc5+} ({Not} 20. Nxc6 Qd7 $15) 20... g6 $2 (20... Qf6 21. Bg5 Qe5) 21. fxg6 Bxe6 22. gxf7+ Kd7 23. Be3 {[%emt 0:00:28] Hoping for Rad1.} Qe7 24. Nb6+ Kc7 25. Qa5 1-0

[Event "13th Palmanova Festival A 2024"]
[Site "Palmanova"]
[Date "2024.12.29"]
[Round "3.14"]
[White "Adharsh K"]
[Black "Mazzini, Mauro"]
[Result "1-0"]
[ECO "B90"]
[WhiteElo "2235"]
[BlackElo "2069"]
[Annotator "RC"]
[PlyCount "77"]
[EventDate "2024.12.27"]
[EventCountry "ITA"]
[SourceTitle "playchess.com"]
[Source "ChessBase"]
[SourceQuality "1"]
[TimeControl "6000+30"]

1. e4 c5 2. Nf3 d6 3. d4 cxd4 4. Nxd4 Nf6 5. Nc3 a6 6. Be3 e5 7. Nb3 Be6 8. f3 h5 9. Qd2 Nbd7 10. Nd5 Bxd5 11. exd5 g6 12. O-O-O Bg7 13. Kb1 b6 14. Be2 Qc7 15. h4 Nc5 16. c3 O-O 17. g4 a5 18. Nxc5 bxc5 19. Bg5 hxg4 20. Bxf6 Bxf6 21. Rdg1 Rab8 22. Rxg4 Rb7 23. h5 Rfb8 24. b3 g5 25. h6 a4 26. Rxa4 Kf8 27. h7 Ke7 28. Qc2 Ra7 29. Rxa7 Qxa7 30. Bc4 Qa5 31. Kb2 Ra8 32. a4 Rb8 33. Qf5 e4 34. Qxe4+ Be5 35. Qd3 Qd8 36. Qf5 Qa5 37. Qxg5+ Kd7 38. Qf5+ Ke7 39. Qd3 1-0